[Event "Late-Titled-Tuesday-Blitz-March-19-2024"]
[Site "Chess.com"]
[Date "2024.03.19"]
[Round "3"]
[White "aistrel"]
[Black "MusicCityMaster"]
[Result "1-0"]
[WhiteElo "2644"]
[BlackElo "2446"]
[TimeControl "180+1"]
[EndTime "14:28:37 PDT"]
[Termination "aistrel won on time"]

1. d4 Nf6 2. Nc3 d5 3. Bf4 c6 4. f3 b5 5. a3 Bf5 6. g4 Bg6 7. h4 h5 8. g5 Nfd7 9. e4 e6 10.
Bd3 b4 11. axb4 Bxb4 12. exd5 Bxd3 13. dxc6 Bxc3+ 14. bxc3 Bc4 15. c7 Qc8 16. cxb8=Q Nxb8 17. Kf2 Nd7 18. Ne2 Nb6 19. Bd6 Qc6 20. Bc5 Nd5 21. Qd2 a5 22. Nf4 a4 23. g6 Rh6 24. Rhg1 fxg6 25.
Rae1 Nf6 26. Ba3 Kf7 27. Re5 Bd5 28. Nxd5 Nxd5 29. Rge1 Re8 30. Kg3 Qxc3 31. Qxc3 Nxc3 32. Ra5 g5 33. hxg5 Rg6 34. Ra7+ Kg8 35. f4 Nd5 36. c4 Nb6 37. Rc7 Rd8 38. Re4 e5 39. d5 exf4+ 40.
Kxf4 Rgd6 41. Bxd6 Rxd6 42. Rc6 Nxd5+ 43. cxd5 Rxd5 44.
Rc8+ Kh7 45. Rc6 a3 46. g6+ Kh6 47. Re8 Rd4+ 48. Ke3 Rc4 49. Rh8+ Kg5 50. Rxc4 1-0

[Event "Late-Titled-Tuesday-Blitz-March-19-2024"]
[Site "Chess.com"]
[Date "2024.03.19"]
[Round "3"]
[White "Yan_Dyomin2010"]
[Black "ahmedkandiliii"]
[Result "1-0"]
[WhiteElo "2733"]
[BlackElo "2512"]
[TimeControl "180+1"]
[EndTime "14:28:38 PDT"]
[Termination "Yan_Dyomin2010 won on time"]

1. e4 e5 2. Nc3 Nc6 3. Bc4 Nf6 4. d3 Na5 5. Nge2 Nxc4 6. dxc4 h6 7. O-O Bc5 8. b3 O-O 9. Qd3 d6 10. Be3 Nd7 11.
Rad1 Bxe3 12. Qxe3 Nc5 13. Ng3 Be6 14. f3 Qe7 15. Nd5 Bxd5 16. cxd5 a5 17. a3 Qg5 18. Qxg5 hxg5 19. Ra1 g6 20. Ne2 f5 21. b4 axb4 22. axb4 Nd7 23. Nc3 Kf7 24. Nb5 Ke7 25. Nxc7 Rxa1 26. Rxa1 Rc8 27. Ne6 Rxc2 28. Nxg5 Rb2 29.
Ra8 Rxb4 30. Rg8 Kf6 31. h4 Nc5 32. Rf8+ Ke7 33. Rf7+ Ke8 34. exf5 gxf5 35. g3 Rb2 36. Rxf5 Nd3 37. h5 Rb1+ 38. Kg2 Rb2+ 39. Kh3 Rb1 40. g4 Nf4+ 41. Kg3 Rg1+ 42. Kh2 Rg2+ 43. Kh1 Rc2 44. h6 Rc1+ 45. Kh2 Rc2+ 46. Kg1 Rc1+ 47.
Kf2 Rc2+ 48. Ke1 Rh2 49. h7 Nxd5 50. Rf7 Ne7 51. Rf6 Kd7 52. Rf8 b5 53. h8=Q 1-0

[Event "Late-Titled-Tuesday-Blitz-March-19-2024"]
[Site "Chess.com"]
[Date "2024.03.19"]
[Round "3"]
[White "Quattroporte300"]
[Black "mac0504"]
[Result "0-1"]
[WhiteElo "2509"]
[BlackElo "2713"]
[TimeControl "180+1"]
[EndTime "14:28:38 PDT"]
[Termination "mac0504 won on time"]

1. e4 Nc6 2. d4 d5 3. e5 Bf5 4.
Nf3 Qd7 5. Bb5 a6 6. Ba4 b5 7. Bb3 e6 8. c3 f6 9. Qe2 h6 10. Nbd2 g5 11. exf6 Nxf6 12. Ne5 Nxe5 13. Qxe5 Bg7 14. Qe2 O-O 15. O-O Rae8 16. Nf3 Ne4 17.
Bc2 c5 18. dxc5 Nxc5 19. Nd4 Bxc2 20. Qxc2 e5 21. Nb3 Ne6 22. Rd1 Qf7 23. Be3 Nf4 24.
Qd2 Rd8 25. Nc5 Nxg2 26. Kxg2 d4 27. Kg1 Qf3 28. Re1 dxe3 29. Qxe3 Qxe3 30. Rxe3 Rd2 31.
Nd3 e4 32. Nc5 Rfxf2 33. Nxe4 Rg2+ 34. Kf1 Rxb2 35. Rd1 Rxh2 36. Ng3 Rhf2+ 37. Ke1 Rfc2 38. Re2 Bxc3+ 39. Kf1 Rxe2 40. Nxe2 Be5 41. Rd5 Bf4 42. Nxf4 gxf4 43. a3 Rb3 44. a4 bxa4 45. Ra5 a3 46. Rxa6 Kg7 47. Kf2 f3 48. Ra4 Kg6 49. Kg3 Kf5 50.
Ra5+ Ke4 51. Ra4+ Ke3 52. Ra7 Kd2 53. Kf2 Kc2 54. Ra6 Kb2 55. Rxh6 a2 56. Rh1 a1=Q 0-1

[Event "Late-Titled-Tuesday-Blitz-March-19-2024"]
[Site "Chess.com"]
[Date "2024.03.19"]
[Round "3"]
[White "only_strong_moves"]
[Black "SergioMoralesG"]
[Result "1-0"]
[WhiteElo "2657"]
[BlackElo "2477"]
[TimeControl "180+1"]
[EndTime "14:28:38 PDT"]
[Termination "only_strong_moves won by checkmate"]

1. Nc3 d5 2. e4 d4 3. Nce2 c5 4. Ng3 Nc6 5. Bc4 g6 6. h4 h5 7. a4 Bg7 8. d3 Nf6 9. Bg5 Qc7 10. Qd2 Bd7 11. N1e2 Nh7 12. Nf4 Nxg5 13. hxg5 e6 14.
Nge2 O-O-O 15. a5 a6 16. Nh3 Ne5 17. Ba2 Ng4 18. b4 cxb4 19. Qxb4 Bc6 20. Bc4 Bf8 21.
Qb3 Ne5 22. f4 Nxc4 23. Qxc4 Bb5 24. Qxc7+ Kxc7 25. e5 Kb8 26. O-O Bc5 27. Nf2 Bc6 28.
Kh2 Rd7 29. Ng3 Rc8 30. Nge4 Bxe4 31. Nxe4 Be7 32. Ra2 Rdc7 33. Rf2 Rc6 34. Kg1 Ka7 35. Kf1 R8c7 36. Ke1 Rc8 37. Kd1 b6 38. axb6+ Kxb6 39. Ra4 Bc5 40. Nd2 Kb5 41. Ra2 Be7 42. Nb3 Bc5 43. Rf1 Bb6 44. Kd2 a5 45. Rb1 Ka6 46.
Rbb2 h4 47. Ra4 Rh8 48. Nxd4 Bxd4 49. Rxd4 h3 50. gxh3 Rxh3 51. c4 a4 52. Rb4 Ka5 53.
Rb5+ Ka6 54. Rd8 Rf3 55. Ra8# 1-0

[Event "Late-Titled-Tuesday-Blitz-March-19-2024"]
[Site "Chess.com"]
[Date "2024.03.19"]
[Round "3"]
[White "MalyDominator"]
[Black "Zampronha1971"]
[Result "0-1"]
[WhiteElo "2512"]
[BlackElo "2307"]
[TimeControl "180+1"]
[EndTime "14:28:40 PDT"]
[Termination "Zampronha1971 won on time"]

1. c4 Nf6 2. g3 e6 3. Bg2 d5 4.
Nf3 Be7 5. O-O O-O 6. b3 d4 7. e3 c5 8. exd4 cxd4 9. d3 Nc6 10.
Bg5 h6 11. Bxf6 Bxf6 12. Re1 Re8 13. Nbd2 e5 14. Ne4 Bf5 15. c5 Bxe4 16. Rxe4 Qa5 17. Qc1 Nb4 18. a3 Nxd3 19. Qc4 Qc3 20. Qxc3 dxc3 21. Rc4 e4 22. Ne1 c2 23. Nxc2 Bxa1 24.
Nxa1 f5 25. Nc2 Rac8 26. b4 Ne5 27. Rc3 a6 28. Ne3 Red8 29. Nxf5 Rd1+ 30. Bf1 Nf3+ 31. Kg2 Ne1+ 32. Kh3 Rf8 33. Bc4+ Kh7 34. Ne3 Rd4 35.
Bd5 Rxf2 36. Bxb7 Nf3 37. c6 h5 38. g4 h4 39. g5 Rxh2+ 40. Kg4 Ne5+ 41. Kf5 Nxc6 42.
Bxc6 Rd3 43. Rxd3 exd3 44. Bf3 Ra2 45. g6+ Kh8 46. Nd5 Rxa3 47. Ne7 d2 48. Be2 Ra1 49. Nc8 Re1 50. Nd6 Rxe2 0-1

[Event "Late-Titled-Tuesday-Blitz-March-19-2024"]
[Site "Chess.com"]
[Date "2024.03.19"]
[Round "3"]
[White "emeli_chess"]
[Black "Navyblue1"]
[Result "1-0"]
[WhiteElo "2422"]
[BlackElo "2205"]
[TimeControl "180+1"]
[EndTime "14:28:40 PDT"]
[Termination "emeli_chess won by resignation"]

1. d4 Nf6 2. c4 g6 3. Nc3 Bg7 4. e4 d6 5. f3 O-O 6. Be3 c5 7. Nge2 cxd4 8. Nxd4 Nc6 9. Be2 Nxd4 10. Bxd4 Nh5 11. Bxg7 Nxg7 12. Qd2 Be6 13. O-O Rc8 14. b3 Ne8 15. Rac1 Nf6 16. Qd4 Qa5 17. a4 Nd7 18. Nd5 Bxd5 19. cxd5 Qb6 20. Qxb6 Nxb6 21. Kf2 Kg7 22.
Ke3 e6 23. a5 Nd7 24. dxe6 fxe6 25. b4 Kf6 26. f4 Ke7 27. g3 Nf6 28. Kd4 Rc6 29. Bb5 Rcc8 30. Be2 Rc6 31. Rxc6 bxc6 32.
Rc1 Rb8 33. b5 cxb5 34. Rc7+ Nd7 35. Rxa7 b4 36. a6 b3 37. Rb7 b2 38. Bd3 Rxb7 39.
axb7 Kd8 40. Kc3 Kc7 41. Kxb2 Kxb7 42. Kc3 Nc5 43. Bc2 Kc6 44. Kd4 h6 45. e5 g5 46.
fxg5 hxg5 47. h4 gxh4 48. gxh4 Kd7 49. h5 Nb7 50. h6 dxe5+ 51. Kxe5 Nd6 52. Kf6 Ke8 53.
h7 Nf7 54. Bg6 Kf8 55. Bxf7 1-0

[Event "Late-Titled-Tuesday-Blitz-March-19-2024"]
[Site "Chess.com"]
[Date "2024.03.19"]
[Round "3"]
[White "Korchmar_Vasiliy"]
[Black "Angry_Twin"]
[Result "0-1"]
[WhiteElo "2697"]
[BlackElo "2950"]
[TimeControl "180+1"]
[EndTime "14:28:41 PDT"]
[Termination "Angry_Twin won by checkmate"]

1. e4 c5 2. Nf3 d6 3. d4 cxd4 4.
Nxd4 Nf6 5. Nc3 a6 6. Be2 e5 7.
Nb3 Be7 8. O-O O-O 9. Be3 Be6 10. Qd2 Nbd7 11. a4 Nb6 12. Rfd1 Nc4 13. Bxc4 Bxc4 14. Bg5 Ne8 15. Bxe7 Qxe7 16. Na5 Rc8 17. Nxc4 Rxc4 18. b3 Rd4 19. Qe3 Rxd1+ 20. Rxd1 Nf6 21. Nd5 Nxd5 22. Rxd5 Rc8 23. c4 g6 24. g3 Kg7 25. a5 Rc6 26. h4 h5 27. Kg2 Qc7 28. Qd2 Qe7 29. Qb4 Qc7 30. Qc3 Kg8 31. Qd2 Kg7 32. f4 exf4 33.
gxf4 Qe7 34. Qd4+ Kg8 35. Kg3 Kh7 36. f5 Qc7 37. Qf6 Qd7 38. Kf4 Qe8 39. Kg5 Rc7 40. e5 dxe5 41. Rxe5 Qg8 42. Re7 gxf5+ 43. Kxh5 Qg4# 0-1

[Event "Late-Titled-Tuesday-Blitz-March-19-2024"]
[Site "Chess.com"]
[Date "2024.03.19"]
[Round "3"]
[White "kassablanca"]
[Black "BilodeauA"]
[Result "0-1"]
[WhiteElo "2738"]
[BlackElo "3066"]
[TimeControl "180+1"]
[EndTime "14:28:42 PDT"]
[Termination "BilodeauA won by resignation"]

1. e3 d6 2. d4 e5 3. c4 f5 4. Nc3 c6 5. Nf3 e4 6. Ng1 d5 7. Nh3 Nf6 8. Nf4 Bd6 9. cxd5 Bxf4 10. exf4 cxd5 11. Be3 O-O 12. h3 Nc6 13. Be2 Be6 14.
g4 Qd7 15. Rg1 Rac8 16. Rc1 Kh8 17. Kf1 Na5 18. b3 Nc6 19. Rg3 Nb4 20. Kg2 a6 21.
g5 Ng8 22. a3 Nc6 23. Na4 Rc7 24.
Nc5 Qd6 25. b4 Rfc8 26. Qd2 Nb8 27. Kh2 b6 28. Nb3 Rxc1 29. Nxc1 Qc7 30. Rg1 Qc3 31. Qa2 Ne7 32. Nb3 Qc2 33. Qxc2 Rxc2 34. Bd1 Rc3 35. Bd2 Rc8 36. Rg3 Bd7 37. Rc3 Rxc3 38. Bxc3 Ba4 39. Bc2 Nc8 40. Na1 Bxc2 41. Nxc2 Kg8 42.
Ne3 Ne7 43. b5 axb5 44. Bb4 Nbc6 45. Bd6 Kf7 46. Bc7 Nxd4 47. Bxb6 Ne6 48. Kg3 d4 49.
Nc2 Nc6 50. h4 g6 51. Na1 Ke7 52. Nb3 Kd6 53. f3 e3 54. Nc1 Kd5 55. Kg2 Nxf4+ 56. Kf1 Ne5 57. Nb3 Nxf3 0-1

[Event "Late-Titled-Tuesday-Blitz-March-19-2024"]
[Site "Chess.com"]
[Date "2024.03.19"]
[Round "3"]
[White "TanitoluwaAps116"]
[Black "esrosenberg"]
[Result "1-0"]
[WhiteElo "2816"]
[BlackElo "2489"]
[TimeControl "180+1"]
[EndTime "14:28:42 PDT"]
[Termination "TanitoluwaAps116 won by checkmate"]

1. e4 e6 2. d4 d5 3. exd5 exd5 4.
Nf3 Bd6 5. c4 Nf6 6. c5 Be7 7. Bd3 b6 8. O-O bxc5 9. dxc5 O-O 10.
Be3 Bg4 11. Nbd2 Nc6 12. Rc1 Re8 13. h3 Bh5 14. Bb5 d4 15. Bxc6 dxe3 16. fxe3 Rb8 17. Bxe8 Qxe8 18. b3 Nd5 19. Qe1 Bf6 20. e4 Nb4 21.
Qg3 Nxa2 22. e5 Nxc1 23. Rxc1 Be7 24. Qf4 Rd8 25. Ne4 Bg6 26. b4 Qa4 27. Nc3 Qa3 28.
Nb5 Qd3 29. Nxc7 Be4 30. Rf1 Bg6 31. e6 fxe6 32. Nxe6 Re8 33. Ne5 Qe4 34. Nxg6 Qxg6 35. Nc7 Rf8 36. Qc4+ Kh8 37. Rxf8+ Bxf8 38. Nd5 Qb1+ 39.
Qf1 Qxf1+ 40. Kxf1 a5 41. c6 Bd6 42. bxa5 Kg8 43.
a6 Bb8 44. a7 Bxa7 45. c7 h5 46. c8=Q+ Kh7 47. Qf5+ g6 48. Qf7+ Kh6 49. Qxa7 Kg5 50. Qe3+ Kh4 51. Qf4# 1-0

[Event "Late-Titled-Tuesday-Blitz-March-19-2024"]
[Site "Chess.com"]
[Date "2024.03.19"]
[Round "3"]
[White "KNVB"]
[Black "GotCheeseCheckers"]
[Result "1-0"]
[WhiteElo "2799"]
[BlackElo "2525"]
[TimeControl "180+1"]
[EndTime "14:28:44 PDT"]
[Termination "KNVB won by resignation"]

1. e4 e5 2. Nf3 Nc6 3. Nc3 Nf6 4. Nd5 Be7 5. d4 exd4 6. Bc4 O-O 7. O-O d6 8. Nxd4 Nxd4 9. Qxd4 Nxd5 10. Bxd5 Bf6 11. Qd3 Be6 12. Bxb7 Rb8 13. Qa6 c5 14. c3 Qc7 15.
Bd5 Bxd5 16. exd5 Rfe8 17. Qc4 Qa5 18. g3 g6 19. Rd1 Bg7 20. Kg2 f5 21. h4 Re4 22.
Qd3 c4 23. Qf3 Rbe8 24. Be3 Qb5 25. Rd2 a5 26. Rad1 a4 27. a3 Qb3 28. h5 Kf7 29.
hxg6+ hxg6 30. Bf4 Be5 31. Bxe5 R8xe5 32. Rh1 Kg7 33.
Qd1 Qxd1 34. Rhxd1 Kf6 35. Kf1 g5 36. f3 Re3 37. Kf2 f4 38. gxf4 gxf4 39. Rh1 Rg5 40. Rd4 Rge5 41. Rxf4+ Kg5 42. Kg3 Re2 43. Rg4+ Kf6 44.
Rh6+ Ke7 45. Rg7+ Kf8 46. Ra7 Kg8 47. Rg6+ Kf8 48. Rxd6 Rxb2 49. Rd8+ Re8 50. Rxe8+ Kxe8 51. Rxa4 Rb3 52. Rxc4 1-0

[Event "Late-Titled-Tuesday-Blitz-March-19-2024"]
[Site "Chess.com"]
[Date "2024.03.19"]
[Round "3"]
[White "SuanFernandes"]
[Black "Noki102"]
[Result "1-0"]
[WhiteElo "2327"]
[BlackElo "2583"]
[TimeControl "180+1"]
[EndTime "14:28:45 PDT"]
[Termination "SuanFernandes won by checkmate"]

1. d4 b6 2. Nf3 Bb7 3. c4 f5 4. Nc3 e6 5. g3 Nf6 6. Bg2 Be7 7. O-O O-O 8. Qc2 d6 9. Rd1 Nbd7 10. d5 e5 11.
Qxf5 Nc5 12. Qc2 e4 13. Ng5 Ng4 14. Ngxe4 Ne5 15. b3 Bc8 16. h3 Bf5 17. Qd2 Qe8 18. Nxc5 bxc5 19. f4 Nf7 20. e4 Bd7 21. Bb2 Bf6 22.
Ne2 Bxb2 23. Qxb2 a5 24. a4 Rb8 25. Qc2 Rb4 26. Nc3 Qb8 27. Nb5 Bxb5 28. axb5 Qb6 29. Ra3 Ra8 30. Rda1 h6 31. Kh2 Kh8 32. Bf3 Kg8 33.
Bg4 Kh8 34. Qe2 Nd8 35. e5 dxe5 36. fxe5 a4 37. Rxa4 Raxa4 38. Rxa4 Rxa4 39. bxa4 h5 40. Bxh5 Qh6 41. e6 Nb7 42. e7 Nd6 43. e8=Q+ Nxe8 44. Qxe8+ Kh7 45. Qg6+ Qxg6 46. Bxg6+ Kxg6 47. a5 Kf5 48. a6 c6 49. dxc6 Kg5 50. c7 g6 51.
c8=Q Kh6 52. Qh8+ Kg5 53. h4+ Kg4 54. Qf6 g5 55. Qxg5+ Kf3 56. Qf4+ Ke2 57. a7 Kd3 58. a8=Q Kc2 59. Qa2+ Kc3 60. Qe3+ Kb4 61. Qea3# 1-0

[Event "Late-Titled-Tuesday-Blitz-March-19-2024"]
[Site "Chess.com"]
[Date "2024.03.19"]
[Round "3"]
[White "stregachess"]
[Black "artin10862"]
[Result "0-1"]
[WhiteElo "2013"]
[BlackElo "2933"]
[TimeControl "180+1"]
[EndTime "14:28:45 PDT"]
[Termination "artin10862 won on time"]

1. d4 Nf6 2. Nf3 e6 3. Bf4 c5 4. e3 Qb6 5. Nc3 a6 6. Rb1 Nc6 7. Be2 cxd4 8. exd4 d5 9. O-O Bd7 10. Re1 Be7 11. h3 O-O 12. Bd3 Rfc8 13. a3 Qd8 14.
Ne2 Na7 15. c3 Bb5 16. Ne5 Bxd3 17. Qxd3 Nc6 18. Nxc6 Rxc6 19. Nc1 Rac8 20. Qe2 Qb6 21. Nd3 Qb3 22. Ne5 Rb6 23. Bg5 h6 24. Bxf6 Bxf6 25. Nd7 Rbc6 26. Nxf6+ gxf6 27. Qh5 Kg7 28. Re3 Rh8 29. Rg3+ Kf8 30. Qg4 Ke7 31. Qg7 Rcc8 32. Rf3 f5 33. Qe5 Kd7 34. Re3 Qb6 35. Re2 Qd6 36. Qf6 Qe7 37. Qe5 Rhg8 38. Rbe1 Qg5 39. f4 Qg3 40. Qe3 Qxe3+ 41. Rxe3 h5 42. Kf2 h4 43. Rg1 Rg6 44. g4 Rcg8 45. g5 f6 46. Rge1 fxg5 47. fxg5 Re8 48. Rg1 Reg8 49. Rge1 Rxg5 50.
Rxe6 Rg2+ 51. Kf3 R8g3+ 52. Kf4 Rxb2 53. Re7+ Kc8 54. Rh7 Kb8 55. Re8+ Ka7 56. Ree7 Rxc3 57. Rxh4 Rxa3 58. Kxf5 Rf3+ 59. Ke5 Re3+ 60. Kd6 Rxe7 61. Kxe7 a5 62. Rh5 a4 63. Rxd5 b5 64. Rd7+ Kb6 65.
d5 a3 66. Rd6+ Kc5 67. Ra6 b4 68. d6 Re2+ 0-1

[Event "Late-Titled-Tuesday-Blitz-March-19-2024"]
[Site "Chess.com"]
[Date "2024.03.19"]
[Round "3"]
[White "gorgeous1083"]
[Black "RichardShtivelband"]
[Result "1/2-1/2"]
[WhiteElo "2064"]
[BlackElo "2365"]
[TimeControl "180+1"]
[EndTime "14:28:45 PDT"]
[Termination "Game drawn - insufficient material"]

1. d4 Nf6 2. c4 e6 3. Nf3 Bb4+ 4. Bd2 a5 5. g3 O-O 6. Bg2 Re8 7. O-O Bf8 8. Nc3 d6 9. e4 e5 10. d5 Nbd7 11. b3 Nc5 12. Bg5 h6 13. Bxf6 Qxf6 14. a3 Bg4 15. Rb1 g6 16. h3 Bxf3 17. Qxf3 Qxf3 18.
Bxf3 f5 19. b4 axb4 20. axb4 Na4 21. Nb5 Rec8 22. Rfc1 c6 23. dxc6 bxc6 24. Nc3 Nxc3 25. Rxc3 Ra2 26. exf5 gxf5 27. c5 dxc5 28. bxc5 e4 29.
Bd1 Ra5 30. Rb7 Rxc5 31. Bb3+ Kh8 32. Rxc5 Bxc5 33. Be6 Ra8 34. Bxf5 Ra1+ 35. Kg2 Ra2 36. Rh7+ Kg8 37. Be6+ Kxh7 38. Bxa2 Kg6 39. Bb1 Kf5 40. f3 Ke5 41. Bxe4 Kd6 42. Kf1 Bd4 43. Ke2 c5 44.
Kd3 Ke5 45. Bg6 Bf2 46. g4 Kf4 47. Be4 Kg3 48. Ke2 Bd4 49. Kd3 Kxh3 50. Bc6 Kg3 51. Ke4 Bf2 52. Bd5 Bd4 53. Bc4 Kh4 54. Bd5 Kg5 55. Be6 Kf6 56. Bc4 Ke7 57. f4 Kd6 58. Kf5 Be3 59. Ke4 Bc1 60. f5 Bg5 61. Kf3 Ke5 62. Kg3 Kd4 63. Be6 c4 64. Bxc4 Kxc4 65. Kf3 Kd4 66. Kg3 Ke3 67. Kh3 Kf4 68. Kg2 Ke5 69. Kh3 Kf6 70. Kg3 Be3 71. Kh3 Bd4 72. Kg3 Kg5 73. Kh3 Kf4 74. Kh4 Bf6+ 75. Kh5 Bg5 76.
f6 Bxf6 77. Kxh6 Kxg4 1/2-1/2

[Event "Late-Titled-Tuesday-Blitz-March-19-2024"]
[Site "Chess.com"]
[Date "2024.03.19"]
[Round "3"]
[White "Mikasinski"]
[Black "Zohid6"]
[Result "0-1"]
[WhiteElo "2636"]
[BlackElo "2879"]
[TimeControl "180+1"]
[EndTime "14:28:47 PDT"]
[Termination "Zohid6 won on time"]

1. e4 e5 2. Nf3 Nf6 3. Nc3 Nc6 4. Bb5 Nd4 5. Nxd4 exd4 6. e5 dxc3 7. exf6 Qxf6 8. dxc3 c6 9. Bd3 Bc5 10. O-O d5 11. c4 dxc4 12. Qe2+ Be6 13. Bxc4 O-O 14. Bxe6 Qxe6 15. Qxe6 fxe6 16. Be3 Bxe3 17. fxe3 Rad8 18.
Rfd1 Kf7 19. Rd3 Rxd3 20. cxd3 Rd8 21. Rd1 e5 22. Kf2 Ke6 23. Ke2 c5 24. Rc1 b6 25.
Rc4 a5 26. a4 h5 27. h4 Kf5 28.
b3 Rd6 29. Re4 Rg6 30. Kf3 Rd6 31.
Ke2 g6 32. Rc4 Rd8 33. Kd2 Rg8 34. Ke2 g5 35. g3 g4 36. Rc1 Ke6 37. Rf1 Rb8 38.
Rc1 Rf8 39. d4 Kd5 40. dxc5 bxc5 41. Rd1+ Kc6 42. e4 Rb8 43. Rd3 Rb4 44. Ke3 Rd4 45. Rc3 Kb6 46. Rc4 Rd1 47. Rc2 Rb1 48. Rc3 Rb2 49. Rd3 Kc6 50. Rc3 Rg2 51. Rd3 Rxg3+ 52. Kd2 Rxd3+ 53. Kxd3 c4+ 54. bxc4 Kc5 0-1

[Event "Late-Titled-Tuesday-Blitz-March-19-2024"]
[Site "Chess.com"]
[Date "2024.03.19"]
[Round "3"]
[White "kikoveiga"]
[Black "BebeBonito2022"]
[Result "1-0"]
[WhiteElo "2536"]
[BlackElo "2295"]
[TimeControl "180+1"]
[EndTime "14:28:48 PDT"]
[Termination "kikoveiga won by checkmate"]

1. e4 e5 2. Nf3 Nc6 3. Bb5 f5 4. d3 fxe4 5. dxe4 Nf6 6. Nc3 Bb4 7. Bc4 Bxc3+ 8. bxc3 d6 9. O-O Bg4 10. Rb1 Na5 11.
Bd3 O-O 12. h3 Bh5 13. Bg5 Kh8 14. Re1 Qe8 15. Bxf6 Rxf6 16. Be2 Qa4 17. Qd5 Bf7 18. Qd3 Bc4 19. Qe3 Bxe2 20. Qxe2 Raf8 21. Rf1 b6 22.
Nh4 Qxa2 23. Nf5 g6 24. Ne3 c6 25. c4 Rf4 26. f3 Qa3 27. Rfd1 Qc5 28. Kh2 Nb7 29.
Rd3 a5 30. c3 a4 31. Ra1 Ra8 32. Nc2 Qxc4 33. Na3 Qc5 34. Qb2 Rf7 35. Rdd1 b5 36.
Rdb1 Na5 37. Rd1 Nc4 38. Nxc4 Qxc4 39. Rxd6 c5 40. Rad1 b4 41. Rd8+ Rf8 42. Rxf8+ Rxf8 43. cxb4 cxb4 44. Qd2 b3 45. Qd6 Re8 46. Qf6+ Kg8 47. Rd7 b2 48. Qg7# 1-0

[Event "Late-Titled-Tuesday-Blitz-March-19-2024"]
[Site "Chess.com"]
[Date "2024.03.19"]
[Round "3"]
[White "Baronessa08"]
[Black "KaydenTroffChess"]
[Result "0-1"]
[WhiteElo "2587"]
[BlackElo "2851"]
[TimeControl "180+1"]
[EndTime "14:28:49 PDT"]
[Termination "KaydenTroffChess won on time"]

1. d4 Nf6 2. c4 g6 3. Nf3 Bg7 4.
g3 O-O 5. Bg2 c6 6. Nc3 d5 7. cxd5 cxd5 8. Ne5 Nfd7 9. Nxd7 Qxd7 10. O-O Nc6 11. e3 e6 12. b3 b6 13. Ba3 Rd8 14.
Qe2 a5 15. Rfc1 Ba6 16. Qd2 b5 17. Bc5 Qb7 18. Rc2 h5 19. Ne2 b4 20. Nf4 a4 21.
Rac1 axb3 22. axb3 Bf6 23. Nd3 Na5 24. Rb1 Bxd3 25.
Qxd3 Be7 26. e4 Qd7 27. exd5 exd5 28. Re1 Bf6 29. Bxb4 Nc6 30. Bc5 Rab8 31. Rb2 Nb4 32. Qc3 Nc6 33. b4 Qg4 34. Rd2 Bg5 35. Rdd1 Qf5 36.
Qb3 Bf6 37. b5 Na5 38. Qa4 Nc4 39. Rb1 Nd2 40. Rb2 Ne4 41. Rbe2 Nc3 42. Qa6 Nxe2+ 43. Rxe2 Qb1+ 44. Bf1 Qxb5 45. Qxb5 Rxb5 46. Re1 Rb2 47.
Rd1 Ra8 48. Kg2 Raa2 0-1

[Event "Late-Titled-Tuesday-Blitz-March-19-2024"]
[Site "Chess.com"]
[Date "2024.03.19"]
[Round "3"]
[White "Zhigalko_Sergei"]
[Black "mbachez"]
[Result "0-1"]
[WhiteElo "2871"]
[BlackElo "2654"]
[TimeControl "180+1"]
[EndTime "14:28:50 PDT"]
[Termination "mbachez won on time"]

1. g4 e5 2. Bg2 Nc6 3. c4 Bc5 4. e3 h6 5. Nc3 Nf6 6. h3 O-O 7. Nge2 Re8 8. O-O d6 9. d4 Bb6 10. a3 a6 11. b4 Ba7 12. Bb2 exd4 13. exd4 Ne7 14. c5 c6 15. Nf4 Bb8 16. Nce2 Ned5 17. Nxd5 Nxd5 18. Qd2 dxc5 19. dxc5 Nf4 20. Nd4 Re2 21.
Qc3 Be5 22. Rad1 Rxb2 23. Qxb2 Bxd4 24. Kh1 Ne6 25. Qb3 Qh4 26. f4 Bf6 27. f5 Ng5 28.
Rfe1 Kh7 29. Re8 Be6 30. Rxe6 fxe6 31. fxe6 Re8 32. Qd3+ Kh8 33. Qg6 Rxe6 34. Qf5 Re7 35. Qc8+ Kh7 36. Qf5+ Kg8 37. Rd8+ Kf7 38. Bd5+ cxd5 39.
Qxd5+ Kg6 40. Qf5+ Kf7 41. Qd5+ Ne6 42. Rb8 Qxh3+ 43.
Kg1 Qxg4+ 44. Kh1 Qh3+ 45. Kg1 Bd4+ 46. Qxd4 Nxd4 47. Rf8+ Kxf8 0-1

[Event "Late-Titled-Tuesday-Blitz-March-19-2024"]
[Site "Chess.com"]
[Date "2024.03.19"]
[Round "3"]
[White "chess94cu"]
[Black "Vaathi_Coming"]
[Result "0-1"]
[WhiteElo "2643"]
[BlackElo "2889"]
[TimeControl "180+1"]
[EndTime "14:28:51 PDT"]
[Termination "Vaathi_Coming won by resignation"]

1. e4 c5 2. Nf3 d6 3. d4 cxd4 4. Nxd4 Nf6 5. Nc3 a6 6. a4 e5 7. Nf3 h6 8. Be2 Be7 9. O-O O-O 10. Nd2 Be6 11. Nc4 Qc7 12. Ne3 Nbd7 13. a5 Rfc8 14.
Bf3 b5 15. axb6 Nxb6 16. Bd2 Nfd7 17. Bg4 Bg5 18. Bxe6 fxe6 19. Qg4 Re8 20. h4 Nf6 21. Qg3 Bf4 22. Qg6 Nbd7 23. Ng4 Bxd2 24. Rfd1 Nxg4 25. Rxd2 Ngf6 26. Rad1 Nf8 27. Qg3 Red8 28. Rd3 Rac8 29. Qf3 Ng6 30. g3 Ne7 31. Kg2 Nc6 32. Ne2 d5 33. exd5 exd5 34. Qf5 Qf7 35. Rc3 Ne4 36.
Qxf7+ Kxf7 37. Ra3 a5 38. f3 Nf6 39. Nc3 d4 40. Na4 Nd5 41. Kh3 Ncb4 42. c3 Ne3 43.
Rg1 Nbc2 44. Rb3 d3 45. Rb7+ Kg8 46. Nb6 Rb8 47. Rd7 Rxd7 48. Nxd7 Rxb2 49. Nxe5 d2 50. Nc4 Nxc4 0-1

[Event "Late-Titled-Tuesday-Blitz-March-19-2024"]
[Site "Chess.com"]
[Date "2024.03.19"]
[Round "3"]
[White "Szachulec75"]
[Black "Balla_Tamas"]
[Result "0-1"]
[WhiteElo "2193"]
[BlackElo "2404"]
[TimeControl "180+1"]
[EndTime "14:28:51 PDT"]
[Termination "Balla_Tamas won on time"]

1. Nf3 c5 2. g3 Nc6 3. Bg2 g6 4.
d3 Bg7 5. O-O e6 6. e4 Nge7 7. Nc3 d6 8. Bg5 O-O 9. Qd2 Rb8 10. Bh6 b5 11. Bxg7 Kxg7 12. Nh4 b4 13. Nd1 a5 14. f4 Nd4 15. c3 bxc3 16. bxc3 Nb5 17. a4 Nc7 18. f5 exf5 19. Ne3 fxe4 20. dxe4 Be6 21. Rf2 d5 22. e5 d4 23. Nf1 dxc3 24.
Qxc3 Qd4 25. Rc1 Qxc3 26. Rxc3 Na6 27. Ne3 Rb1+ 28. Rf1 Rfb8 29. Nc4 Rxf1+ 30. Bxf1 Nd5 31. Rc1 Rb4 32. Nxa5 Rxa4 33. Nb7 Ne3 34. Bxa6 Rxa6 35. Nxc5 Rc6 36. Nd3 Ra6 37. Kf2 Nf5 38. Kg1 Nxh4 39.
gxh4 Bf5 40. Ne1 Be4 41. Rc4 Bd5 42. Rd4 Be6 43. h5 gxh5 44. Kf2 Ra2+ 45. Kg3 Re2 46. Nf3 Bg4 47. h3 Bxf3 48. Kxf3 Rxe5 49. Kf4 Ra5 50.
Kf3 f6 51. Rf4 Kg6 52. Kg3 Ra3+ 53. Kh4 Re3 54. Rc4 Re5 55. Kg3 Kg5 56. h4+ Kf5 57. Kf3 Ra5 58. Rf4+ Ke5 59. Re4+ Kd5 60. Rf4 Ra3+ 61.
Kf2 Ke5 0-1

[Event "Late-Titled-Tuesday-Blitz-March-19-2024"]
[Site "Chess.com"]
[Date "2024.03.19"]
[Round "3"]
[White "dolynachess"]
[Black "Sacbutt"]
[Result "0-1"]
[WhiteElo "2504"]
[BlackElo "2328"]
[TimeControl "180+1"]
[EndTime "14:28:52 PDT"]
[Termination "Sacbutt won on time"]

1. d4 Nf6 2. c4 e6 3. g3 d5 4. Bg2 Be7 5. Nf3 O-O 6. O-O Nbd7 7. Qd3 c5 8. cxd5 exd5 9. Nc3 b6 10. Rd1 Bb7 11.
Ne5 cxd4 12. Nxd7 Qxd7 13. Qxd4 Bc5 14. Qd3 d4 15. Bxb7 Qxb7 16. Na4 Rfe8 17. Nxc5 bxc5 18. b3 Qe4 19. Qxe4 Rxe4 20. Kf1 Rae8 21. Rd2 R4e5 22. Bb2 Ne4 23. Rc2 Rf5 24. f3 d3 25. exd3 Rxf3+ 26. Kg2 Rxd3 27. Re1 f5 28. Ba3 Rc8 29. Rec1 Rd5 30. b4 Rd3 31. Bb2 c4 32. Bc3 Kf7 33.
a4 g6 34. b5 Ke6 35. a5 Rc5 36. Be1 Rxb5 37. Rxc4 Rb2+ 38. Kg1 Nd6 39. Rc7 Re3 40. Bf2 Ree2 41. Re1 Rxe1+ 42. Bxe1 a6 43. Rc5 Rb5 44. Rc6 Kd5 45. Rxa6 Nc4 46. Ra7 h5 47. a6 Kc6 48.
Ra8 Kb6 0-1

[Event "Late-Titled-Tuesday-Blitz-March-19-2024"]
[Site "Chess.com"]
[Date "2024.03.19"]
[Round "3"]
[White "Viktor_Poddubnyi"]
[Black "Koalaskakistis"]
[Result "1-0"]
[WhiteElo "2289"]
[BlackElo "2502"]
[TimeControl "180+1"]
[EndTime "14:28:52 PDT"]
[Termination "Viktor_Poddubnyi won by checkmate"]

1. e4 c5 2. Nf3 Nc6 3. d4 cxd4 4.
Nxd4 e5 5. Nb5 a6 6. Nd6+ Bxd6 7. Qxd6 Qf6 8. Qd1 Qg6 9. Nc3 d5 10. Nxd5 Qxe4+ 11. Be2 Nd4 12. Nc7+ Ke7 13. O-O Qxe2 14. Nxa8 b5 15. Be3 Qxd1 16. Raxd1 Nxc2 17. Nb6 Be6 18. Bc5+ Kf6 19. Rd2 Nd4 20. Bxd4 exd4 21. Rxd4 Ne7 22. Nd7+ Bxd7 23. Rxd7 Rc8 24. Rd6+ Kg5 25. Rxa6 Rc2 26. b3 Nd5 27. Ra5 Nc3 28. a4 Rb2 29. axb5 Rxb3 30.
Ra7 Kg6 31. Ra6+ f6 32. b6 Rb5 33. g3 Ne2+ 34. Kg2 Nd4 35. Rd1 Nf5 36. Rd7 h6 37. b7 Rb2 38. Ra8 Ne3+ 39. Kf3 Nc4 40. b8=Q Ne5+ 41. Kg2 Rxb8 42. Rxb8 Nxd7 43. Rb7 Ne5 44.
f4 Nf7 45. f5+ Kxf5 46. Rxf7 g6 47. Ra7 Kg5 48. Kf3 f5 49. h4+ Kh5 50. Rf7 g5 51. hxg5 Kg6 52. Ra7 hxg5 53. Ra6+ Kh5 54. Rf6 f4 55. g4+ Kh4 56. Rh6# 1-0